Map: König-Sejong-Station LE

Players

Renovatio - Winner!

  • Race: Terran Terran
  • League: Bronze
  • Spawn Location: 5:00

Nebrot

  • Race: Zerg Zerg
  • League: Bronze
  • Spawn Location: 11:00

VOD

Have the link to the VOD?

Description

Time

  • Played on: July 11, 2016, 4:17 p.m.
  • Length: 7:00
Show
View Real Time Build Order
Export as new Build Order

Renovatio Terran - Winner!

Build Orders: Liberator Opening 

Get SALT Encoding   

  12  0:01  SCV  
  13  0:13  SCV  
  14  0:19  Supply Depot  
  14  0:25  SCV  
  15  0:41  SCV  
  16  0:43  Barracks  
  16  0:53  SCV  
  17  0:59  Refinery  
  17  1:05  SCV, Supply Depot  
  18  1:17  SCV  
  19  1:29  SCV  
  19  1:32  Refinery  
  20  1:46  SCV  
  21  1:51  Marine  
  22  1:58  SCV  
  23  2:05  Barracks  
  23  2:09  Factory, Marine  
  23  2:22  Orbital Command  
  23  2:27  Marine  
  23  2:29  Barracks  
  24  2:32  Supply Depot  
  24  2:44  Marine  
  25  2:53  Factory Tech Lab  
  25  2:59  Starport  
  25  3:02  Marine  
  25  3:03  SCV  
  25  3:05  Marine  
  28  3:15  SCV  
  28  3:16  Siege Tank  
  32  3:21  Marine x2  
  34  3:27  SCV  
  34  3:31  Supply Depot  
  35  3:41  Fusion Core  
  35  3:42  SCV  
  35  3:45  Starport Tech Lab  
  35  3:47  Marine  
  37  3:51  Marine  
  37  3:52  Liberator  
  38  4:05  Marine x2  
  38  4:09  Marine  
  44  4:18  Supply Depot  
  44  4:23  Marine  
  45  4:27  Advanced Ballistics  
  45  4:29  Marine x2  
  47  4:40  Supply Depot  
  47  4:42  Liberator  
  47  4:47  Barracks Tech Lab  
  50  5:02  Marine x2  
  52  5:11  Marine  
  53  5:20  Marine x2  
  55  5:23  Siege Tank  
  58  5:29  Supply Depot, Marine  
  59  5:41  Marine  
  59  5:42  Marine  
  61  5:47  Marine  
  62  5:59  Marine x2  
  64  6:06  Marine  
  64  6:08  Siege Tank  
  64  6:09  Medivac  
  70  6:17  Marine  
Show
View Real Time Build Order
Export as new Build Order

Nebrot Zerg 

Build Orders: Hatch First 

Get SALT Encoding   

  12  0:02  Drone  
  13  0:12  Overlord  
  13  0:17  Drone  
  14  0:30  Drone  
  14  0:31  Drone  
  16  0:36  Drone  
  17  0:55  Hatchery  
  16  0:59  Drone  
  16  1:00  Drone  
  18  1:14  Spawning Pool  
  17  1:18  Extractor  
  16  1:28  Drone x2  
  18  1:56  Hatchery  
  17  2:27  Drone  
  17  2:29  Zergling x4  
  20  2:30  Zergling x4  
  20  2:32  Overlord  
  22  2:37  Queen x2  
  26  2:47  Spine Crawler  
  25  2:59  Drone  
  25  3:00  Drone  
  25  3:05  Spine Crawler  
  26  3:09  Drone  
  26  3:11  Zergling x4  
  29  3:22  Queen  
  31  3:30  Overlord  
  31  3:41  Drone  
  31  3:48  Drone x2  
  34  3:49  Drone, Overlord  
  34  3:52  Drone  
  36  4:02  Evolution Chamber  
  35  4:12  Zergling x10  
  40  4:35  Zerg Melee Weapons Level 1  
  40  4:38  Metabolic Boost  
  40  4:50  Drone x2, Overlord x2  
  40  4:52  Zergling x8  
  46  4:53  Zergling x2  
  47  5:14  Overlord  
  47  5:15  Zergling x2  
  47  5:16  Zergling x14  
  55  5:24  Drone  
  55  5:26  Drone  
  55  5:28  Drone x2  
  59  5:42  Zergling x8  
  63  5:44  Queen  
  63  5:46  Drone x2  
  63  5:47  Drone  
  29  6:48  Spore Crawler x2  
Tags
 
Add a new tag
Caveats
  • Supply blocks, unpowered buildings, or Contaminate may cause inaccurate times.
  • Supply counts are checked every 10 seconds.